 Dungeon Crawl Stone Soup version 0.31-a0-176-g91f28db67f (webtiles) character file.

Game seed: 5124626350718139162

129 qw the Shooter (level 5, 0/49 HPs)
             Began as a Naga Hunter on June 17, 2023.
             Slain by an orc priest
             ... wielding a +0 trident
              (6 damage)
             ... on level 3 of the Dungeon.
             The game lasted 00:00:31 (1568 turns).

qw the Shooter (Naga Hunter)                        Turns: 1568, Time: 00:00:31

Health: 0/49       AC:  3    Str: 14    XL:     5   Next: 12%
Magic:  5/5        EV:  9    Int:  9    God:
Gold:   93         SH:  0    Dex: 16    Spells: 4/4 levels left

rFire   . . .        Y - +0 shortbow
rCold   . . .        (shield currently unavailable)
rNeg    . . .        c - +0 leather armour
rPois   +            (no helmet)
rElec   .            (no cloak)
rCorr   .            (no gloves)
SInv    +            (no barding)
Will    .....        (no amulet)
Stlth   ++           (no ring)
HPRegen 0.28/turn    (no ring)
MPRegen 0.09/turn

%: no passive effects
@: short of breath, very slow
A: AC +1, large, see invisible, deformed body, poison resistance, slowness 2,
spit poison 1, naga tail 1
a: Spit Poison


You were on level 3 of the Dungeon.
You visited 1 branch of the dungeon, and saw 3 of its levels.

You collected 93 gold pieces.


Innate Abilities, Weirdness & Mutations

Your serpentine skin is tough. (AC +1)
You have supernaturally acute eyesight. (SInv)
Armour fits poorly on your strangely shaped body.
Your system is resistant to poisons. (rPois)
You cover ground very slowly.
You can spit poison.
You have a snake-like lower body.


   Skills:
 - Level 3.0 Fighting
 + Level 5.2 Ranged Weapons
 - Level 1.5 Dodging
 - Level 1.5 Stealth


You had 4 spell levels left.
You didn't know any spells.
Your spell library was empty.

Inventory:

Hand Weapons
 Y - a +0 shortbow (weapon)
Armour
 c - a +0 leather armour (worn)
 g - a +0 cloak
Scrolls
 a - a scroll of noise {unknown}
 h - a scroll of teleportation {unknown}
 i - a scroll of identify
Potions
 b - 2 potions of degeneration {unknown}
 d - a potion of cancellation {unknown}
 e - a potion of ambrosia {unknown}
 f - 2 potions of curing

Dungeon Overview and Level Annotations

Branches:
Dungeon (3/15)

Altars:
Ashenzari

Shops:
D:1 (


Message History

1562 ||| INVOKING Spit Poison.
Aiming: Spit Poison (1% risk of failure)
Press: ? - help, Shift-Dir - straight line, f/p - orc priest The splash of poison hits the orc priest.
The orc priest is poisoned.
The orc priest is lightly wounded.
The orc priest hits you from afar with a +0 trident!
You shoot an arrow.
The arrow hits the orc priest but does no damage.
The orc priest is moderately wounded.
An orc comes into view. It is wielding a +0 whip.
The orc priest hits you but does no damage.
You shoot an arrow.
The arrow hits the orc priest but does no damage.
The orc priest is moderately wounded.
You have got your breath back.
The orc priest barely misses you.
1565 ||| INVOKING Spit Poison.
Aiming: Spit Poison (1% risk of failure)
Press: ? - help, Shift-Dir - straight line, f/p - orc priest The splash of poison misses the orc priest.
The orc priest hits you from afar with a +0 trident!
You shoot an arrow. The arrow hits the orc priest.
The orc priest is heavily wounded.
The orc priest hits you from afar with a +0 trident.
You shoot an arrow.
The arrow hits the orc priest but does no damage.
The orc priest is heavily wounded.
You have got your breath back.
The orc priest hits you but does no damage.
The orc priest mumbles some strange prayers to Beogh against you.
Beogh smites you!
1568 ||| INVOKING Spit Poison.
Aiming: Spit Poison (1% risk of failure)
Press: ? - help, Shift-Dir - straight line, f/p - orc priest The splash of poison hits the orc priest but does no damage.
The orc priest is heavily wounded.
The orc priest looks more healthy.
The orc priest hits you from afar with a +0 trident.
You die...

#............ ..
#........... ..
####.#...... #.
#######.#.###### #o
..........#..... #o
.######.###.#### #o
#.....#
#.#################
#####.@...............#
#......................
....PPPP..PPPP.._..PPPP.
##......................
#####################.#
#.# #.# #.# #..


You could see an orc priest and 2 orcs.

Vanquished Creatures
  Jessica (D:2)
  Natasha (D:3)
  Terence (D:3)
  6 orcs (D:3)
  4 endoplasms
  3 giant cockroaches
  8 goblins
  2 hobgoblins (D:2)
  2 kobolds (D:1)
  3 quokkas
  5 ball pythons
  2 bats (D:1)
  2 frilled lizards
  2 rats
42 creatures vanquished.

Notes
Turn   | Place    | Note
-------+----------+-------------------------------------------
     0 | D:1      | qw the Naga Hunter began the quest for the Orb.
     0 | D:1      | Reached XP level 1. HP: 19/19 MP: 1/1
     0 | D:1      | 0 ||| qw: Version: 0.3-a-5-g6f28e65
     0 | D:1      | 0 ||| qw: Game counter: 440
     0 | D:1      | 0 ||| qw: Always use a shield: true
     0 | D:1      | 0 ||| qw: God list: Okawaru
     0 | D:1      | 0 ||| qw: Allow faded altars: false
     0 | D:1      | 0 ||| qw: Do Orc after D:15 true
     0 | D:1      | 0 ||| qw: Do second Lair branch before Depths: true
     0 | D:1      | 0 ||| qw: Lair rune preference: random
     0 | D:1      | 0 ||| qw: Plans: Normal
     0 | D:1      | 0 ||| PLANNING D:1-11
    18 | D:1      | Found Kebiog's Antique Weapon Shop.
    28 | D:1      | 28 ||| SHOPLISTING glowing orcbow (123 gold, have 4).
    30 | D:1      | 30 ||| INVOKING Spit Poison.
    45 | D:1      | 45 ||| INVOKING Spit Poison.
    51 | D:1      | 51 ||| INVOKING Spit Poison.
   224 | D:1      | 224 ||| INVOKING Spit Poison.
   238 | D:1      | Reached skill level 4 in Ranged Weapons
   238 | D:1      | Reached XP level 2. HP: 26/26 MP: 2/2
   300 | D:1      | 300 ||| INVOKING Spit Poison.
   303 | D:1      | 303 ||| INVOKING Spit Poison.
   472 | D:1      | 472 ||| INVOKING Spit Poison.
   476 | D:1      | 476 ||| INVOKING Spit Poison.
   542 | D:1      | 542 ||| INVOKING Spit Poison.
   582 | D:1      | 582 ||| INVOKING Spit Poison.
   686 | D:1      | 686 ||| INVOKING Spit Poison.
   687 | D:1      | 687 ||| INVOKING Spit Poison.
   767 | D:1      | Found a faded altar of an unknown god.
   785 | D:1      | 785 ||| DROPPING scroll of butterflies.
   819 | D:2      | 819 ||| INVOKING Spit Poison.
   822 | D:2      | Reached XP level 3. HP: 32/32 MP: 3/3
   825 | D:2      | 825 ||| INVOKING Spit Poison.
   828 | D:2      | 828 ||| INVOKING Spit Poison.
   873 | D:2      | Noticed Jessica
   877 | D:2      | 877 ||| INVOKING Spit Poison.
   877 | D:2      | Killed Jessica
   914 | D:2      | 914 ||| INVOKING Spit Poison.
   936 | D:2      | 936 ||| INVOKING Spit Poison.
  1116 | D:2      | Reached skill level 5 in Ranged Weapons
  1116 | D:2      | Reached XP level 4. HP: 39/39 MP: 4/4
  1119 | D:2      | 1119 ||| INVOKING Spit Poison.
  1146 | D:2      | 1146 ||| READING scroll labelled TUCEHO YTAHU.
  1162 | D:3      | 1162 ||| INVOKING Spit Poison.
  1174 | D:3      | 1174 ||| INVOKING Spit Poison.
  1180 | D:3      | 1180 ||| INVOKING Spit Poison.
  1215 | D:3      | 1215 ||| INVOKING Spit Poison.
  1221 | D:3      | 1221 ||| INVOKING Spit Poison.
  1226 | D:3      | 1226 ||| INVOKING Spit Poison.
  1282 | D:3      | Noticed Terence
  1285 | D:3      | 1285 ||| INVOKING Spit Poison.
  1287 | D:3      | Killed Terence
  1288 | D:3      | Reached skill level 3 in Fighting
  1341 | D:3      | Noticed Natasha
  1342 | D:3      | 1342 ||| INVOKING Spit Poison.
  1348 | D:3      | 1348 ||| INVOKING Spit Poison.
  1350 | D:3      | HP: 5/42 [Natasha (9)]
  1351 | D:3      | Killed Natasha
  1352 | D:3      | Reached XP level 5. HP: 5/49 MP: 5/5
  1353 | D:3      | 1353 ||| INVOKING Spit Poison.
  1539 | D:3      | Found a broken altar of Ashenzari.
  1558 | D:3      | 1558 ||| INVOKING Spit Poison.
  1562 | D:3      | 1562 ||| INVOKING Spit Poison.
  1565 | D:3      | 1565 ||| INVOKING Spit Poison.
  1567 | D:3      | HP: 6/49 [orc priest/divine providence (11)]
  1568 | D:3      | 1568 ||| INVOKING Spit Poison.
  1568 | D:3      | Slain by an orc priest

Levels and vault maps discovered:
D:1:      lightli_arrival_chessboard, layout_basic, serial_shops,
          nicolae_shop_statue_plus, basic_ecumenical_altar
D:2:      layout_basic, uniq_jessica
D:3:      layout_basic, mainiacjoe_overflow_boulevard,
          amethyst_overflow_temple_binary, uniq_terence, uniq_natasha,
          uniq_sigmund

Skill      XL: |  1  2  3  4 |
---------------+-------------+-----
Ranged Weapons | 4 5 |  5.2
Fighting       | 3 |  3.0
Dodging        | |  1.5
Stealth        | |  1.5

Action                     |  1- 3 |  4- 6 || total
---------------------------+-------+-------++-------
   Fire: Shortbow          |    37 |    43 ||    80
Ability: Spit Poison       |    17 |    15 ||    32
    Use: Scroll            |       |     1 ||     1
 Armour: Leather armour    |     2 |     4 ||     6
  Dodge: Dodged            |     2 |     8 ||    10

Table legend:
 A = Non-vault XP
 B = Vault XP
 C = Vault XP percentage of total XP
 D = Non-vault monster count
 E = Vault monster count
 F = Vault count percentage of total count
                 A         B        C        D         E       F
            +---------+---------+-------+---------+---------+-------
      Total |      76 |     109 |  58.9 |      39 |       3 |   7.1
            +---------+---------+-------+---------+---------+-------
        D:1 |      32 |       0 |   0.0 |      18 |       0 |   0.0
        D:2 |      14 |      37 |  72.5 |       8 |       1 |  11.1
        D:3 |      30 |      72 |  70.6 |      13 |       2 |  13.3
            +---------+---------+-------+---------+---------+-------
